 Dungeon Crawl Stone Soup version 0.31-a0-361-g0f8bd3a31e (webtiles) character file.

Game seed: 6429438780651481562

13114 IndexError the Destroyer (level 12, -4/91 HPs)
             Began as a Gnoll Conjurer on July 27, 2023.
             Was a Priest of Ignis.
             Slain by a bone dragon (11 damage)
             ... on level 1 of the Abyss.
             The game lasted 00:26:36 (13554 turns).

IndexError the Destroyer (Gnoll Conjurer)          Turns: 13554, Time: 00:26:37

Health: -4/91      AC:  8    Str:  7    XL:     12   Next: 2%
Magic:  28/33      EV: 19    Int: 23    God:    Ignis [***...]
Gold:   747        SH: 10    Dex: 10    Spells: 9/28 levels left

rFire   + . .        t - +2 dagger (elec)
rCold   . . .        B - +0 buckler
rNeg    . . .        m - +2 animal skin
rPois   .            l - +0 helmet
rElec   .            q - +1 cloak
rCorr   .            (no gloves)
SInv    .            (no boots)
Will    .....        C - amulet of reflection
Stlth   ++++         A - +5 ring of evasion
HPRegen 0.35/turn    r - ring of magical power {MP+9}
MPRegen 0.23/turn

%: reflection
@: about to teleport, studying Hexes
A: fangs 1, strong nose, distributed training
a: Renounce Religion, Fiery Armour, Foxfire Swarm, Rising Flame


You were on level 1 of the Abyss.
You worshipped Ignis.
Ignis was most pleased with you.
You visited 1 branch of the dungeon, and saw 11 of its levels.
You visited the Abyss 1 time.

You collected 747 gold pieces.

Inventory:

Hand Weapons
 t - a +2 dagger of electrocution (weapon)
   (You took it off an orc wizard on level 3 of the Dungeon)
Missiles
 H - 2 throwing nets {=f, !d}
 Q - 6 curare-tipped darts
Armour
 l - a +0 helmet (worn)
   (You took it off Robin on level 2 of the Dungeon)
 m - a +2 animal skin (worn)
   (You took it off Robin on level 2 of the Dungeon)
 q - a +1 cloak (worn)
   (You took it off Crazy Yiuf on level 2 of the Dungeon)
 B - a +0 buckler (worn)
   (You found it on level 7 of the Dungeon)
Magical Staves
 p - a staff of earth
   (You found it on level 2 of the Dungeon)
 u - a staff of cold {rC+}
   (You found it on level 4 of the Dungeon)
 M - a staff of conjuration {!a}
   (You found it on level 9 of the Dungeon)
Jewellery
 r - a ring of magical power (right hand) {MP+9}
   (You found it on level 3 of the Dungeon)
 z - a ring of protection from cold {rC+, !d}
   (You found it on level 5 of the Dungeon)
 A - a +5 ring of evasion (left hand)
   (You took it off an orc wizard on level 5 of the Dungeon)
 C - an amulet of reflection (around neck)
   (You found it on level 7 of the Dungeon)
Wands
 D - a wand of quicksilver (10)
   (You found it on level 8 of the Dungeon)
 F - a wand of paralysis (12)
   (You found it on level 8 of the Dungeon)
 J - a wand of iceblast (6)
   (You found it on level 8 of the Dungeon)
 N - a wand of polymorph (4)
   (You found it on level 9 of the Dungeon)
 P - a wand of flame (11)
   (You found it on level 10 of the Dungeon)
Scrolls
 d - a scroll of noise {!r}
 e - a scroll of acquirement
 f - 2 scrolls of blinking {!r}
 g - a scroll of silence
 h - 2 scrolls of immolation {!r}
 j - a scroll of identify
 n - 4 scrolls of teleportation
 o - 2 scrolls of poison {!r}
 s - 3 scrolls of fog
 v - a scroll of brand weapon
 w - a scroll of summoning
 y - a scroll of amnesia
 O - a scroll of fear
Potions
 a - 7 potions of curing {unknown}
 b - 5 potions of magic
 c - a potion of degeneration {unknown}
 i - 6 potions of heal wounds {unknown}
 k - a potion of ambrosia {unknown}
 x - 2 potions of lignification {unknown}
 E - a potion of might {unknown}
 G - a potion of mutation {unknown}
 I - a potion of attraction {!q}
 K - 2 potions of enlightenment
 L - a potion of invisibility


   Skills:
 + Level 7.0 Fighting
 + Level 7.0 Short Blades
 + Level 7.0 Long Blades
 + Level 7.0 Axes
 + Level 7.0 Maces & Flails
 + Level 7.0 Polearms
 + Level 7.0 Staves
 + Level 7.0 Ranged Weapons
 + Level 7.0 Throwing
 + Level 7.0 Armour
 + Level 8.4 Dodging
 + Level 8.2 Stealth
 + Level 7.0 Shields
 + Level 7.0 Unarmed Combat
 + Level 8.7 Spellcasting
 + Level 9.3 Conjurations
 + Level 8.0 Hexes
 + Level 5.8 Summonings
 + Level 5.8 Necromancy
 + Level 5.8 Translocations
 + Level 5.8 Transmutations
 + Level 5.8 Fire Magic
 + Level 5.8 Ice Magic
 + Level 5.8 Air Magic
 + Level 5.8 Earth Magic
 + Level 5.8 Poison Magic
 + Level 7.6 Invocations
 + Level 7.0 Evocations
 + Level 5.8 Shapeshifting


You had 9 spell levels left.
You knew the following spells:

 Your Spells              Type           Power      Damage    Failure   Level
a - Magic Dart            Conj           100%       1d8       1%          1
b - Searing Ray           Conj           100%       2d8       1%          2
c - Fulminant Prism       Conj/Hex       24%        3d12      2%          4
d - Tukima's Dance        Hex            47%        N/A       1%          3
e - Summon Small Mammal   Summ           100%       N/A       1%          1
f - Passage of Golubria   Tloc           36%        N/A       9%          4
x - Iskenderun's Mystic   Conj/Tloc      44%        2d10      4%          4

Your spell library contained the following spells:

 Spells                   Type           Power      Damage    Failure   Level
 Apportation              Tloc           72%        N/A       1%          1
 Necrotise                Necr           100%       1d9       1%          1
 Scorch                   Fire           72%        2d8       1%          2
 Dazzling Flash           Conj/Hex       98%        N/A       1%          3
 Hailstorm                Conj/Ice       44%        3d10      1%          3
 Portal Projectile        Hex/Tloc       82%        N/A       1%          3
 Flame Wave               Conj/Fire      44%        2d11      4%          4
 Summon Ice Beast         Ice/Summ       36%        N/A       9%          4
 Yara's Violent Unravell  Hex/Tmut       20%        3d9       16%         5
 Simulacrum               Ice/Necr       18%        N/A       80%         6
 Summon Cactus Giant      Summ           18%        N/A       80%         6


Dungeon Overview and Level Annotations

Branches:
Dungeon (11/15)            Temple (0/1) D:6
   Lair: D:8-11         Orc: D:9-12

Altars:
Hepliaklqana
Kikubaaqudgha
Nemelex Xobeh
Trog
Wu Jian
Ignis

Annotations:
D:11 Erolcha


Innate Abilities, Weirdness & Mutations

You have very sharp teeth.
Your uncanny sense of smell can sniff out nearby items.
Your experience applies equally to all skills.


Message History

The searing ray hits the orange demon!
You block the orange demon's attack.
You now have 28/32 mp.
The searing ray hits the orange demon but does no damage.
You finish channelling your searing ray.
The orange demon closely misses you.
You now have 27/32 mp.
Casting: Searing Ray (safe; 1% risk of failure)
Confirm with . or Enter, or press ? or * to list all spells.
Aiming: Searing Ray (safe; 1% risk of failure)
Press: ? - help, Shift-Dir - straight line, f/p - orange demon
Aim: an orange demon (heavily wounded, 90% to hit)
The searing ray hits the orange demon but does no damage. (Press . to maintain the ray.)
The orange demon stings you from afar!
You take 11 damage, and have 72/83 hp.
You now have 26/32 mp.
The searing ray hits the orange demon!
The orange demon closely misses you.
You now have 25/32 mp.
The searing ray hits the orange demon.
The orange demon stings you from afar.
You are poisoned.
The orange demon poisons you!
You take 3 damage, and have 69/83 hp.
You now have 24/32 mp.
The searing ray hits the orange demon!
You finish channelling your searing ray.
You feel very sick. The orange demon closely misses you.
You take 5 damage, and have 64/83 hp.
You now have 23/32 mp.
Casting: Searing Ray (safe; 1% risk of failure)
Confirm with . or Enter, or press ? or * to list all spells.
Aiming: Searing Ray (safe; 1% risk of failure)
Press: ? - help, Shift-Dir - straight line, f/p - orange demon
Aim: an orange demon (almost dead, 90% to hit)
The searing ray hits the orange demon! (Press . to maintain the ray.)
You feel very sick.
Your Fighting skill increases to level 7!
Your Short Blades skill increases to level 7!
Your Long Blades skill increases to level 7!
Your Axes skill increases to level 7!
Your Maces & Flails skill increases to level 7!
Your Polearms skill increases to level 7!
Your Staves skill increases to level 7!
Your Ranged Weapons skill increases to level 7!
Your Throwing skill increases to level 7!
Your Armour skill increases to level 7!
Your Shields skill increases to level 7!
Your Unarmed Combat skill increases to level 7!
Your Evocations skill increases to level 7!
You have reached level 12!
You feel clever.
You now have 22/33 mp.
You feel very sick.
You take 4 damage, and have 61/91 hp.
You now have 21/33 mp.
You feel very sick.
You take 3 damage, and have 58/91 hp.
You feel sick.
You take 1 damage, and have 57/91 hp.
You feel sick.
You take 2 damage, and have 55/91 hp.
You feel sick.
You take 1 damage, and have 54/91 hp.
You feel sick.
You take 1 damage, and have 53/91 hp.
You feel sick.
You take 1 damage, and have 52/91 hp.
Found a gateway leading deeper into the Abyss.
You feel sick.
You take 1 damage, and have 51/91 hp.
You feel sick.
You feel sick.
You are no longer poisoned.
You take 1 damage, and have 50/91 hp.
A bone dragon comes into view.
An ufetubus comes into view.
As you read the scroll of teleportation, it crumbles to dust.
You feel strangely unstable.
You feel the power of the Abyss delaying your translocation!
Hit: t) +2 dagger (elec)
Press: ? - help, Dir - move target, f - you
Okay, then.
The bone dragon attacks as you move away!
The bone dragon bites you but does no damage.
The bone dragon claws you but does no damage.
The bone dragon tramples you!
You take 16 damage, and have 40/91 hp.
The bone dragon attacks as you move away!
The bone dragon bites you!!
* * * LOW HITPOINT WARNING * * *
The bone dragon claws you.
* * * LOW HITPOINT WARNING * * *
The bone dragon closely misses you.
You take 24 damage, and have 17/91 hp.
MASSIVE DAMAGE!!
The bone dragon attacks as you move away!
The bone dragon bites you.
* * * LOW HITPOINT WARNING * * *
The bone dragon claws you!
* * * LOW HITPOINT WARNING * * *
The bone dragon closely misses you.
You take 10 damage, and have 7/91 hp.
The bone dragon attacks as you move away!
The bone dragon closely misses you. The bone dragon claws you!
You die...

#### D. .# #..#
#.##... # . #
#.###D#.#. #.
##.#..#..#.. #
##
#.#..#.#..#.#
#.###.###.####.
# #.#..# ## #.
#D#.# .# ##@##
#..#.# #..# .#
.... ## ..##. #
.. #. .#


You could see a bone dragon.

Vanquished Creatures
  2 centaur warriors (D:9)
  6 two-headed ogres
  A cyclops (D:11)
  An orange demon (Abyss:1)
  A kobold demonologist (D:10)
  A komodo dragon (D:11)
  3 trolls
  Grinder (D:3)
  2 hornets (D:9)
  A vampire (D:11)
  Sigmund (D:3)
  A shadow (D:11)
  A wyvern (D:9)
  13 yaks
  2 vampire mosquitoes (D:11)
  A water moccasin (D:6)
  3 orc warriors
  An ice beast (D:8)
  2 centaurs
  A phantom (D:6)
  A kobold brigand (D:11)
  2 bullfrogs (D:7)
  A gnoll sergeant (D:8)
  3 scorpions
  10 killer bees
  7 howler monkeys
  4 jellies
  A gnoll bouda (D:10)
  7 orc priests
  Crazy Yiuf (D:2)
  3 hounds (D:5)
  4 iguanas
  Natasha (twice) (D:2)
  11 orc wizards
  Robin (D:2)
  8 gnolls
  5 adders
  2 shadow imps (D:6)
  2 white imps
  2 ufetubi
  2 worms
  A dart slug (D:2)
  67 orcs
  5 endoplasms
  4 giant cockroaches
  8 hobgoblins
  4 quokkas
  6 ball pythons
  6 bats
  3 frilled lizards
  15 goblins
  14 kobolds
  4 rats
261 creatures vanquished.

Vanquished Creatures (collateral kills)
  An orc warrior (D:9)
  A centaur (D:9)
2 creatures vanquished.

Vanquished Creatures (others)
  6 dancing weapons
  24 fulminant prisms
30 creatures vanquished.

Grand Total: 293 creatures vanquished

Notes
Turn   | Place    | Note
-------+----------+-------------------------------------------
     0 | D:1      | IndexError the Gnoll Conjurer began the quest for the Orb.
     0 | D:1      | Reached XP level 1. HP: 13/13 MP: 6/6
   107 | D:1      | Found a faded altar of an unknown god.
   119 | D:1      | Reached XP level 2. HP: 19/19 MP: 0/7
   233 | D:1      | Prayed at the altar of an unknown god.
   233 | D:1      | Became a worshipper of Ignis, the Dying Flame
   869 | D:2      | Learned a level 2 spell: Searing Ray
   896 | D:2      | Noticed Natasha
   899 | D:2      | Killed Natasha
   900 | D:2      | Reached skill level 5 in Spellcasting
   900 | D:2      | Reached skill level 1 in Invocations
   900 | D:2      | Reached XP level 3. HP: 25/25 MP: 3/9
   979 | D:2      | Noticed Robin
  1002 | D:2      | Reached skill level 1 in Fighting
  1002 | D:2      | Reached skill level 1 in Short Blades
  1002 | D:2      | Reached skill level 1 in Long Blades
  1002 | D:2      | Reached skill level 1 in Axes
  1002 | D:2      | Reached skill level 1 in Maces & Flails
  1002 | D:2      | Reached skill level 1 in Polearms
  1002 | D:2      | Reached skill level 1 in Staves
  1002 | D:2      | Reached skill level 1 in Ranged Weapons
  1002 | D:2      | Reached skill level 1 in Throwing
  1002 | D:2      | Reached skill level 1 in Armour
  1002 | D:2      | Reached skill level 1 in Shields
  1002 | D:2      | Reached skill level 1 in Unarmed Combat
  1002 | D:2      | Reached skill level 1 in Evocations
  1095 | D:2      | Killed Robin
  1096 | D:2      | Reached XP level 4. HP: 32/32 MP: 4/11
  1717 | D:2      | Noticed Natasha
  1720 | D:2      | Killed Natasha
  1721 | D:2      | Reached skill level 1 in Hexes
  1721 | D:2      | Reached skill level 1 in Summonings
  1721 | D:2      | Reached skill level 1 in Necromancy
  1721 | D:2      | Reached skill level 1 in Translocations
  1721 | D:2      | Reached skill level 1 in Transmutations
  1721 | D:2      | Reached skill level 1 in Fire Magic
  1721 | D:2      | Reached skill level 1 in Ice Magic
  1721 | D:2      | Reached skill level 1 in Air Magic
  1721 | D:2      | Reached skill level 1 in Earth Magic
  1721 | D:2      | Reached skill level 1 in Poison Magic
  1721 | D:2      | Reached skill level 1 in Shapeshifting
  1968 | D:2      | Found a runed translucent door.
  1969 | D:2      | Noticed Crazy Yiuf
  1975 | D:2      | Killed Crazy Yiuf
  1976 | D:2      | Reached XP level 5. HP: 37/37 MP: 7/12
  2495 | D:3      | Noticed Sigmund
  2506 | D:3      | Killed Sigmund
  2507 | D:3      | Reached skill level 2 in Fighting
  2507 | D:3      | Reached skill level 2 in Short Blades
  2507 | D:3      | Reached skill level 2 in Long Blades
  2507 | D:3      | Reached skill level 2 in Axes
  2507 | D:3      | Reached skill level 2 in Maces & Flails
  2507 | D:3      | Reached skill level 2 in Polearms
  2507 | D:3      | Reached skill level 2 in Staves
  2507 | D:3      | Reached skill level 2 in Ranged Weapons
  2507 | D:3      | Reached skill level 2 in Throwing
  2507 | D:3      | Reached skill level 2 in Armour
  2507 | D:3      | Reached skill level 5 in Dodging
  2507 | D:3      | Reached skill level 2 in Shields
  2507 | D:3      | Reached skill level 2 in Unarmed Combat
  2507 | D:3      | Reached skill level 2 in Invocations
  2507 | D:3      | Reached skill level 2 in Evocations
  2507 | D:3      | Reached XP level 6. HP: 44/44 MP: 3/14
  2713 | D:3      | Noticed Grinder
  2718 | D:3      | Paralysed by Grinder for 5 turns
  2728 | D:3      | Killed Grinder
  2729 | D:3      | Reached XP level 7. HP: 17/51 MP: 7/15
  2952 | D:3      | Reached skill level 2 in Hexes
  2952 | D:3      | Reached skill level 2 in Summonings
  2952 | D:3      | Reached skill level 2 in Necromancy
  2952 | D:3      | Reached skill level 2 in Translocations
  2952 | D:3      | Reached skill level 2 in Transmutations
  2952 | D:3      | Reached skill level 2 in Fire Magic
  2952 | D:3      | Reached skill level 2 in Ice Magic
  2952 | D:3      | Reached skill level 2 in Air Magic
  2952 | D:3      | Reached skill level 2 in Earth Magic
  2952 | D:3      | Reached skill level 2 in Poison Magic
  2952 | D:3      | Reached skill level 2 in Shapeshifting
  3370 | D:3      | Reached skill level 5 in Stealth
  3593 | D:3      | Learned a level 4 spell: Fulminant Prism
  3598 | D:3      | Learned a level 4 spell: Iskenderun's Mystic Blast
  3602 | D:3      | Learned a level 3 spell: Tukima's Dance
  3678 | D:4      | Reached skill level 3 in Invocations
  4353 | D:5      | Entered Level 5 of the Dungeon
  4504 | D:5      | Reached XP level 8. HP: 57/57 MP: 16/16
  4570 | D:5      | Reached skill level 3 in Fighting
  4570 | D:5      | Reached skill level 3 in Short Blades
  4570 | D:5      | Reached skill level 3 in Long Blades
  4570 | D:5      | Reached skill level 3 in Axes
  4570 | D:5      | Reached skill level 3 in Maces & Flails
  4570 | D:5      | Reached skill level 3 in Polearms
  4570 | D:5      | Reached skill level 3 in Staves
  4570 | D:5      | Reached skill level 3 in Ranged Weapons
  4570 | D:5      | Reached skill level 3 in Throwing
  4570 | D:5      | Reached skill level 3 in Armour
  4570 | D:5      | Reached skill level 3 in Shields
  4570 | D:5      | Reached skill level 3 in Unarmed Combat
  4570 | D:5      | Reached skill level 3 in Evocations
  4797 | D:5      | Reached skill level 3 in Hexes
  5054 | D:5      | Reached skill level 6 in Spellcasting
  5604 | D:6      | Noticed a two-headed ogre
  5609 | D:6      | HP: 8/58 [two-headed ogre/+0 giant spiked club (8)]
  5613 | D:6      | Killed a two-headed ogre
  5614 | D:6      | Reached skill level 6 in Dodging
  5614 | D:6      | Reached skill level 4 in Hexes
  5614 | D:6      | Reached skill level 3 in Summonings
  5614 | D:6      | Reached skill level 3 in Necromancy
  5614 | D:6      | Reached skill level 3 in Translocations
  5614 | D:6      | Reached skill level 3 in Transmutations
  5614 | D:6      | Reached skill level 3 in Fire Magic
  5614 | D:6      | Reached skill level 3 in Ice Magic
  5614 | D:6      | Reached skill level 3 in Air Magic
  5614 | D:6      | Reached skill level 3 in Earth Magic
  5614 | D:6      | Reached skill level 3 in Poison Magic
  5614 | D:6      | Reached skill level 4 in Invocations
  5614 | D:6      | Reached skill level 3 in Shapeshifting
  5614 | D:6      | Reached XP level 9. HP: 11/65 MP: 17/18
  5809 | D:6      | Reached skill level 4 in Fighting
  5809 | D:6      | Reached skill level 4 in Short Blades
  5809 | D:6      | Reached skill level 4 in Long Blades
  5809 | D:6      | Reached skill level 4 in Axes
  5809 | D:6      | Reached skill level 4 in Maces & Flails
  5809 | D:6      | Reached skill level 4 in Polearms
  5809 | D:6      | Reached skill level 4 in Staves
  5809 | D:6      | Reached skill level 4 in Ranged Weapons
  5809 | D:6      | Reached skill level 4 in Throwing
  5809 | D:6      | Reached skill level 4 in Armour
  5809 | D:6      | Reached skill level 4 in Shields
  5809 | D:6      | Reached skill level 4 in Unarmed Combat
  5809 | D:6      | Reached skill level 4 in Evocations
  5926 | D:6      | Found a staircase to the Ecumenical Temple.
  6269 | D:6      | Reached skill level 6 in Stealth
  6269 | D:6      | Reached skill level 8 in Conjurations
  7516 | D:7      | Found the +7 staff of the Meek {protect, meekguard}
  7858 | D:8      | Reached skill level 5 in Invocations
  7935 | D:8      | Reached skill level 5 in Hexes
  8351 | D:8      | Noticed a two-headed ogre
  8362 | D:8      | HP: 13/66 [two-headed ogre/+0 giant club (19)]
  8363 | D:8      | Killed a two-headed ogre
  8364 | D:8      | Reached skill level 5 in Fighting
  8364 | D:8      | Reached skill level 5 in Short Blades
  8364 | D:8      | Reached skill level 5 in Long Blades
  8364 | D:8      | Reached skill level 5 in Axes
  8364 | D:8      | Reached skill level 5 in Maces & Flails
  8364 | D:8      | Reached skill level 5 in Polearms
  8364 | D:8      | Reached skill level 5 in Staves
  8364 | D:8      | Reached skill level 5 in Ranged Weapons
  8364 | D:8      | Reached skill level 5 in Throwing
  8364 | D:8      | Reached skill level 5 in Armour
  8364 | D:8      | Reached skill level 5 in Shields
  8364 | D:8      | Reached skill level 5 in Unarmed Combat
  8364 | D:8      | Reached skill level 7 in Spellcasting
  8364 | D:8      | Reached skill level 4 in Summonings
  8364 | D:8      | Reached skill level 4 in Necromancy
  8364 | D:8      | Reached skill level 4 in Translocations
  8364 | D:8      | Reached skill level 4 in Transmutations
  8364 | D:8      | Reached skill level 4 in Fire Magic
  8364 | D:8      | Reached skill level 4 in Ice Magic
  8364 | D:8      | Reached skill level 4 in Air Magic
  8364 | D:8      | Reached skill level 4 in Earth Magic
  8364 | D:8      | Reached skill level 4 in Poison Magic
  8364 | D:8      | Reached skill level 5 in Evocations
  8364 | D:8      | Reached skill level 4 in Shapeshifting
  8364 | D:8      | Reached XP level 10. HP: 15/74 MP: 12/20
  8700 | D:8      | Noticed a two-headed ogre
  8726 | D:8      | Killed a two-headed ogre
  8727 | D:8      | Reached skill level 7 in Dodging
  8886 | D:8      | Found a hazy altar of Hepliaklqana.
  8886 | D:8      | Found an ornate altar of the Wu Jian Council.
  8886 | D:8      | Found an ancient bone altar of Kikubaaqudgha.
  8886 | D:8      | Found a sparkling altar of Nemelex Xobeh.
  8915 | D:8      | Reached skill level 6 in Hexes
  8915 | D:8      | Reached skill level 6 in Invocations
  8917 | D:8      | Reached skill level 7 in Stealth
  8952 | D:8      | Noticed a two-headed ogre
  8966 | D:8      | Killed a two-headed ogre
  9311 | D:9      | Paralysed by a hornet for 3 turns
  9536 | D:9      | Noticed a centaur warrior
  9547 | D:9      | Noticed a manticore
  9549 | D:9      | Killed a centaur warrior
  9549 | D:9      | Noticed a centaur warrior
  9552 | D:9      | HP: 11/76 [manticore/volley of spikes (12)]
  9817 | D:9      | Reached XP level 11. HP: 63/81 MP: 19/22
  9818 | D:9      | Reached skill level 6 in Fighting
  9818 | D:9      | Reached skill level 6 in Short Blades
  9818 | D:9      | Reached skill level 6 in Long Blades
  9818 | D:9      | Reached skill level 6 in Axes
  9818 | D:9      | Reached skill level 6 in Maces & Flails
  9818 | D:9      | Reached skill level 6 in Polearms
  9818 | D:9      | Reached skill level 6 in Staves
  9818 | D:9      | Reached skill level 6 in Ranged Weapons
  9818 | D:9      | Reached skill level 6 in Throwing
  9818 | D:9      | Reached skill level 6 in Armour
  9818 | D:9      | Reached skill level 6 in Shields
  9818 | D:9      | Reached skill level 6 in Unarmed Combat
  9818 | D:9      | Reached skill level 5 in Summonings
  9818 | D:9      | Reached skill level 5 in Necromancy
  9818 | D:9      | Reached skill level 5 in Translocations
  9818 | D:9      | Reached skill level 5 in Transmutations
  9818 | D:9      | Reached skill level 5 in Fire Magic
  9818 | D:9      | Reached skill level 5 in Ice Magic
  9818 | D:9      | Reached skill level 5 in Air Magic
  9818 | D:9      | Reached skill level 5 in Earth Magic
  9818 | D:9      | Reached skill level 5 in Poison Magic
  9818 | D:9      | Reached skill level 6 in Evocations
  9818 | D:9      | Reached skill level 5 in Shapeshifting
 10066 | D:9      | Reached skill level 8 in Spellcasting
 10102 | D:9      | Reached skill level 7 in Hexes
 10750 | D:9      | Found a bloodstained altar of Trog.
 11041 | D:10     | Entered Level 10 of the Dungeon
 11243 | D:10     | Learned a level 1 spell: Summon Small Mammal
 11248 | D:10     | Learned a level 4 spell: Passage of Golubria
 11498 | D:10     | Reached skill level 9 in Conjurations
 11498 | D:10     | Reached skill level 7 in Invocations
 11648 | D:9      | Killed a centaur warrior
 11649 | D:9      | Reached skill level 8 in Dodging
 11723 | D:10     | Noticed a two-headed ogre
 11735 | D:10     | Killed a two-headed ogre
 12014 | D:9      | Noticed a steelbarb worm
 12496 | D:11     | Identified a scroll of acquirement
 12595 | D:11     | Reached skill level 8 in Stealth
 12598 | D:11     | Noticed a cyclops
 12614 | D:11     | Killed a cyclops
 13183 | D:11     | Noticed a two-headed ogre
 13194 | D:11     | Killed a two-headed ogre
 13378 | D:11     | Reached skill level 8 in Hexes
 13460 | D:11     | Noticed Erolcha
 13463 | Abyss:1  | Cast into level 1 of the Abyss (Erolcha)
 13479 | Abyss:1  | Noticed a sixfirhy
 13522 | Abyss:1  | Reached skill level 7 in Fighting
 13522 | Abyss:1  | Reached skill level 7 in Short Blades
 13522 | Abyss:1  | Reached skill level 7 in Long Blades
 13522 | Abyss:1  | Reached skill level 7 in Axes
 13522 | Abyss:1  | Reached skill level 7 in Maces & Flails
 13522 | Abyss:1  | Reached skill level 7 in Polearms
 13522 | Abyss:1  | Reached skill level 7 in Staves
 13522 | Abyss:1  | Reached skill level 7 in Ranged Weapons
 13522 | Abyss:1  | Reached skill level 7 in Throwing
 13522 | Abyss:1  | Reached skill level 7 in Armour
 13522 | Abyss:1  | Reached skill level 7 in Shields
 13522 | Abyss:1  | Reached skill level 7 in Unarmed Combat
 13522 | Abyss:1  | Reached skill level 7 in Evocations
 13522 | Abyss:1  | Reached XP level 12. HP: 65/91 MP: 22/24
 13536 | Abyss:1  | Noticed a bone dragon
 13551 | Abyss:1  | HP: 20/91 [bone dragon (21)]
 13553 | Abyss:1  | HP: 6/91 [bone dragon (10)]
 13554 | Abyss:1  | Slain by a bone dragon

Illustrated notes

Levels and vault maps discovered:
D:1:      psy_arrival_whirlpool, layout_rooms,
          nicolae_ecumenical_snake_handling, minmay_misc_feat_tower,
          serial_bayou_lagoon_a
D:2:      layout_loops_ring, uniq_natasha, uniq_robin, uniq_crazy_yiuf_cottage
D:3:      layout_basic, hangedman_feature_mirror, uniq_grinder, uniq_sigmund
D:4:      layout_basic
D:5:      layout_basic
D:6:      layout_basic, minmay_temple_entry_junction_2
D:7:      layout_loops_ring, pf_guarded_unrand_meek
D:8:      layout_rooms, grunt_temple_overflow_cloverleaf, special_room
          [special_room_orc], minivault_19, serial_bayou_pond_c,
          minmay_gold_behind_fungi
D:9:      cheibrodos_elevator_heist, layout_gridville, lemuel_round_altar
D:10:     layout_loops_ring
D:11:     layout_roguey, lair_entry_dummy, uniq_erolcha
Abyss:1:  base:
D:9

Skill      XL: |  1  2  3  4  5  6  7  8  9 10 11 |
---------------+----------------------------------+-----
Spellcasting   | 5 6 7 8 |  8.7
Invocations    | 1 2 3 4 5 6 7 |  7.6
Fighting       | 1 2 3 5 7 |  7.0
Short Blades   | 1 2 3 5 7 |  7.0
Long Blades    | 1 2 3 5 7 |  7.0
Axes           | 1 2 3 5 7 |  7.0
Maces & Flails | 1 2 3 5 7 |  7.0
Polearms       | 1 2 3 5 7 |  7.0
Staves         | 1 2 3 5 7 |  7.0
Ranged Weapons | 1 2 3 5 7 |  7.0
Throwing       | 1 2 3 5 7 |  7.0
Armour         | 1 2 3 5 7 |  7.0
Shields        | 1 2 3 5 7 |  7.0
Unarmed Combat | 1 2 3 5 7 |  7.0
Evocations     | 1 2 3 5 7 |  7.0
Hexes          | 1 2 4 5 6 8 |  8.0
Summonings     | 1 2 3 4 5 |  5.8
Necromancy     | 1 2 3 4 5 |  5.8
Translocations | 1 2 3 4 5 |  5.8
Transmutations | 1 2 3 4 5 |  5.8
Fire Magic     | 1 2 3 4 5 |  5.8
Ice Magic      | 1 2 3 4 5 |  5.8
Air Magic      | 1 2 3 4 5 |  5.8
Earth Magic    | 1 2 3 4 5 |  5.8
Poison Magic   | 1 2 3 4 5 |  5.8
Shapeshifting  | 1 2 3 4 5 |  5.8
Dodging        | 5 6 7 8 |  8.4
Stealth        | 5 6 7 8 |  8.2
Conjurations   | 8 9 |  9.3

Action                     |  1- 3 |  4- 6 |  7- 9 | 10-12 || total
---------------------------+-------+-------+-------+-------++-------
  Melee: Dagger            |     5 |       |    50 |    55 ||   110
         Bite              |     2 |       |     3 |    10 ||    15
   Cast: Magic Dart        |    39 |    57 |   223 |   104 ||   423
         Searing Ray       |     2 |     6 |    31 |    31 ||    70
         Fulminant Prism   |       |       |     3 |    22 ||    25
         Tukima's Dance    |       |       |     2 |    17 ||    19
         Iskenderun's Myst |       |       |       |    26 ||    26
 Invoke: Fiery Armour      |       |     2 |     1 |     1 ||     4
    Use: Scroll            |       |       |       |    18 ||    18
 Armour: Robe              |     1 |       |       |       ||     1
         Animal skin       |       |     1 |    11 |    24 ||    36
  Dodge: Dodged            |     5 |     6 |    69 |   121 ||   201
  Block: Buckler           |       |       |    18 |    76 ||    94
         Reflection        |       |       |       |     3 ||     3

Table legend: (Time is in decaauts)
 A = Elapsed time spent in this place.
 B = Non-inter-level travel time spent in this place.
 C = Inter-level travel time spent in this place.
 D = Time resting spent in this place.
 E = Time spent auto-exploring this place.
 F = Levels seen in this place.
 G = Mean time per level.
                   A        B        C        D        E       F      G
               +--------+--------+--------+--------+--------+-----+--------+
         Total |  13567 |  12330 |   1237 |    225 |  10457 |  12 | 1130.6 |
       Dungeon |  13477 |  12240 |   1237 |    225 |  10442 |  11 | 1225.2 |
         Abyss |     90 |     90 |      0 |      0 |     15 |   1 |   90.0 |
               +--------+--------+--------+--------+--------+-----+--------+

Top non-repeatable levels by time:
     D:8: 2060 daAuts
     D:3: 1644 daAuts
    D:10: 1377 daAuts
     D:7: 1371 daAuts
     D:9: 1317 daAuts
     D:2: 1237 daAuts
     D:5: 1141 daAuts
     D:1: 1027 daAuts
    D:11: 920 daAuts
     D:6: 827 daAuts
     D:4: 550 daAuts
 Abyss:1: 90 daAuts

Levels and vault maps discovered:
D:1:      psy_arrival_whirlpool, layout_rooms,
          nicolae_ecumenical_snake_handling, minmay_misc_feat_tower,
          serial_bayou_lagoon_a
D:2:      layout_loops_ring, uniq_natasha, uniq_robin, uniq_crazy_yiuf_cottage
D:3:      layout_basic, hangedman_feature_mirror, uniq_grinder, uniq_sigmund
D:4:      layout_basic
D:5:      layout_basic
D:6:      layout_basic, minmay_temple_entry_junction_2
D:7:      layout_loops_ring, pf_guarded_unrand_meek
D:8:      layout_rooms, grunt_temple_overflow_cloverleaf, special_room
          [special_room_orc], minivault_19, serial_bayou_pond_c,
          minmay_gold_behind_fungi
D:9:      cheibrodos_elevator_heist, layout_gridville, lemuel_round_altar
D:10:     layout_loops_ring
D:11:     layout_roguey, lair_entry_dummy, uniq_erolcha
Abyss:1:  base:
D:9

Table legend: (Time is in decaauts)
 A = Elapsed time spent in this place.
 B = Non-inter-level travel time spent in this place.
 C = Inter-level travel time spent in this place.
 D = Time resting spent in this place.
 E = Time spent auto-exploring this place.
 F = Levels seen in this place.
 G = Mean time per level.
                   A        B        C        D        E       F      G
               +--------+--------+--------+--------+--------+-----+--------+
         Total |  13567 |  12330 |   1237 |    225 |  10457 |  12 | 1130.6 |
       Dungeon |  13477 |  12240 |   1237 |    225 |  10442 |  11 | 1225.2 |
         Abyss |     90 |     90 |      0 |      0 |     15 |   1 |   90.0 |
               +--------+--------+--------+--------+--------+-----+--------+

Top non-repeatable levels by time:
     D:8: 2060 daAuts
     D:3: 1644 daAuts
    D:10: 1377 daAuts
     D:7: 1371 daAuts
     D:9: 1317 daAuts
     D:2: 1237 daAuts
     D:5: 1141 daAuts
     D:1: 1027 daAuts
    D:11: 920 daAuts
     D:6: 827 daAuts
     D:4: 550 daAuts
 Abyss:1: 90 daAuts

Table legend:
 A = Kills in this place as a percentage of kills in the entire game.
 B = Kills by you in this place as a percentage of kills by you in the entire game.
 C = Kills by friends in this place as a percentage of kills by friends in the entire game.
 D = Other kills in this place as a percentage of other kills in the entire game.
 E = Experience gained in this place as a percentage of experience gained in the entire game.
 F = Experience gained in this place divided by the number of levels of this place that you have seen.
                   A       B       C       D       E      F
               +-------+-------+-------+-------+-------+----------------------
         Total | 100.0 | 100.0 | 100.0 |   N/A | 100.0 | 1561.2
       Dungeon |  99.6 |  99.6 | 100.0 |   N/A |  97.6 | 1662.7
         Abyss |   0.4 |   0.4 |   0.0 |   N/A |   2.4 | 445.0
               +-------+-------+-------+-------+-------+----------------------
